 Dungeon Crawl Stone Soup version 0.19.1-1-g22dce08 (webtiles) character file.

352 nikopol the Skirmisher (level 6, 0/58 HPs)
             Began as a Gargoyle Berserker on Jan 9, 2017.
             Was a Priest of Trog.
             Slain by an orc
             ... wielding a +1 flail of crushing
              (4 damage)
             ... on level 4 of the Dungeon.
             The game lasted 00:07:20 (3085 turns).

nikopol the Skirmisher (Gargoyle Berserker)         Turns: 3085, Time: 00:07:21

Health: 0/58       AC:  9    Str: 25    XL:     6   Next: 62%
Magic:  6/6        EV: 12    Int:  8    God:    Trog [***...]
Gold:   141        SH:  2    Dex: 11    Spells: 0 memorised, 5 levels left

rFire  . . .     SeeInvis .     a - +0 hand axe
rCold  . . .     Gourm    .     r - -1 ring mail (curse)
rNeg   + + .     Faith    .     (no shield)
rPois  ∞         Spirit   .     (no helmet)
rElec  +         Reflect  +     (no cloak)
rCorr  .         Harm     .     (no gloves)
MR     .....     Rnd*Tele +     (no boots)
Stlth  ..........               w - +2 amulet of reflection
                                i - ring of positive energy
                                o - ring of teleportation (curse)

@: berserking, very quick
A: negative energy resistance 1, electricity resistance, unbreathing,
petrification resistance, rot immunity, AC +4
a: Berserk, Trog's Hand, Burn Spellbooks, Renounce Religion


You were on level 4 of the Dungeon.
You worshipped Trog.
Trog was most pleased with you.
You were near starving.

You visited 1 branch of the dungeon, and saw 4 of its levels.

You collected 141 gold pieces.

Inventory:

Hand Weapons
 a - a +0 hand axe (weapon)
Missiles
 d - 17 arrows (quivered)
Armour
 b - a +0 animal skin
 h - a +0 scale mail of positive energy
 r - a cursed -1 ring mail (worn)
Jewellery
 g - an uncursed ring of resist corrosion {unknown}
 i - a ring of positive energy (right hand)
 o - a cursed ring of teleportation (left hand)
 w - a +2 amulet of reflection (around neck)
Wands
 q - a wand of paralysis (12/24)
 u - a wand of disintegration (13/24)
Scrolls
 k - a scroll of teleportation
 s - 2 scrolls of amnesia {unknown}
 x - a scroll of identify
 y - a scroll of remove curse {unknown}
Potions
 e - a potion of resistance
 f - a potion of agility
 j - a potion of might
 l - a potion of invisibility {unknown}
 n - 2 potions of curing
Comestibles
 c - 2 bread rations
 m - 4 fruits
 p - a beef jerky
 t - 2 meat rations
 v - 2 royal jellies


   Skills:
 + Level 4.7 Fighting
 + Level 4.0 Axes
 + Level 4.3 Armour
 + Level 2.8 Dodging


You had 5 spell levels left.
You didn't know any spells.

Dungeon Overview and Level Annotations

Branches:
Dungeon (4/15)
 Temple: D:4-7

Altars:
Ru
Sif Muna
Xom


Innate Abilities, Weirdness & Mutations

You are resistant to torment.
Your stone body is resilient. (AC +4)
You are immune to poison.
You resist negative energy. (rN+)
You are resistant to electric shocks. (rElec)
You can survive without breathing.
You are immune to petrification.
You are immune to rotting.


Message History

* * * LOW HITPOINT WARNING * * *
x2 The orc priest calls upon Beogh to heal the orc.
The orc's wounds heal themselves!
The worm bites you.
* * * LOW HITPOINT WARNING * * *
Something hits you.
* * * LOW HITPOINT WARNING * * *
A red film seems to cover your vision as you go berserk!
You feel yourself moving faster!
You feel mighty!
You are near starving!
The orc closely misses you. Something hits you but does no damage.
You slash the worm!
You feel the power of Trog in you as your rage grows.
You kill the worm!
Trog accepts your kill.
You hit the orc. You barely miss something.
The orc priest invokes the aid of Beogh against you.
You are unaffected.
Something hits you but does no damage.
The orc hits you with a flail of crushing.
You die...

#... #... #... #...
#... #...#########..
#.o.#o@......#
#.....o{.....#
#####........#
#.%.....?#
###########........#
................####
#####...........#
#.....>.....#
#...........#


You could see an orc priest and an orc.

Vanquished Creatures
  A phantom (D:4)
  4 crimson imps (D:3)
  A worker ant (D:4)
  An adder (D:4)
  2 oozes (D:3)
  An adder skeleton (D:4)
  2 worms
  4 dart slugs
  A leopard gecko (D:3)
  2 orcs (D:3)
  3 giant cockroaches
  9 goblins
  4 hobgoblins
  6 jackals
  8 kobolds
  A quokka (D:2)
  9 bats
  5 frilled lizards
  A leopard gecko skeleton (D:4)
  5 rats
70 creatures vanquished.

Notes
Turn   | Place    | Note
-------+----------+-------------------------------------------
     0 | D:1      | nikopol the Gargoyle Berserker began the quest for the Orb.
     0 | D:1      | Reached XP level 1. HP: 14/14 MP: 1/1
   247 | D:1      | Reached XP level 2. HP: 19/19 MP: 2/2
  1139 | D:2      | Reached XP level 3. HP: 20/23 MP: 3/3
  1141 | D:2      | Found a sacrificial altar of Ru.
  1209 | D:2      | Reached ** piety under Trog
  1683 | D:3      | Found a deep blue altar of Sif Muna.
  1833 | D:3      | Reached XP level 4. HP: 29/29 MP: 4/4
  2179 | D:3      | Found a shimmering altar of Xom.
  2419 | D:3      | Reached XP level 5. HP: 32/33 MP: 5/5
  2491 | D:3      | Paralysed by a crimson imp for 7 turns
  2621 | D:4      | Noticed a phantom
  2890 | D:4      | Killed a phantom
  2890 | D:4      | Reached XP level 6. HP: 25/39 MP: 6/6
  2968 | D:4      | Reached *** piety under Trog
  3085 | D:4      | Slain by an orc

Skill      XL: |  1  2  3  4  5 |
---------------+----------------+-----
Axes           | 3 4 |  4.0
Dodging        | 2 |  2.8
Armour         | 3 4 |  4.3
Fighting       | 4 |  4.7

Action                   |  1- 3 |  4- 6 || total
-------------------------+-------+-------++-------
Melee: Hand axe          |   144 |   240 ||   384
Invok: Berserk           |       |     1 ||     1
  Use: Scroll            |       |     9 ||     9
 Stab: Invisible         |       |     5 ||     5
  Eat: Chunk             |     3 |     4 ||     7
Armor: Animal skin       |    47 |     3 ||    50
       Ring mail         |       |    78 ||    78
Dodge: Dodged            |   114 |   107 ||   221
Block: Other             |       |    12 ||    12
